 Dungeon Crawl Stone Soup version 0.32-a0-981-g384da2ce10 (webtiles) character file.

Game seed: 10587478205914025193

2463 GiantSquids the Mimic (level 9, 0/57 HPs)
             Began as an Octopode Shapeshifter on Apr 21, 2024.
             Was a Believer of Trog.
             Slain by a human (5 damage)
             ... on level 8 of the Dungeon.
             The game lasted 00:15:29 (4837 turns).

GiantSquids the Mimic (Octopode Shapeshifter)       Turns: 4837, Time: 00:15:29

Health: 0/57       AC:  1    Str: 17    XL:     9   Next: 50%
Magic:  9/9        EV: 18    Int: 13    God:    Trog [**....]
Gold:   448        SH:  0    Dex: 11    Spells: 8/8 levels left

rFire   . .          .
                       - Unarmed
rCold   . . .        (no shield)
rNeg    . . .        (helmet currently unavailable)
rPois   .            C - amulet of regeneration
rElec   .            e - +4 ring of slaying
rCorr   +            k - +5 ring of evasion
SInv    .            t - ring of resist corrosion
Will    .....        D - +4 ring of slaying
Stlth   +++          (no ring)
HPRegen 1.09/turn    (no ring)
MPRegen 0.11/turn    (no ring)
                     (no ring)

%: no passive effects
@: beast-form
A: beast (slay +4), almost no armour, amphibious, 8 rings, camouflage 1,
gelatinous body 1, (nimble swimmer 1), tentacles
a: Begin Untransformation, Renounce Religion, Berserk, Trog's Hand


You were on level 8 of the Dungeon.
You worshipped Trog.
Trog was pleased with you.
You were a hulking beast.
You visited 2 branches of the dungeon, and saw 10 of its levels.

You collected 448 gold pieces.

Inventory:

Hand Weapons
 m - the +2 spear "Xaacal" {drain, Int+5}
   (You found it on level 3 of the Dungeon)

   Int+5:     It affects your intelligence (+5).
Missiles
 v - 12 javelins (quivered)
Jewellery
 e - a +4 ring of slaying (left tentacle)
 k - a +5 ring of evasion (right tentacle)
 t - a ring of resist corrosion (on tentacle)
 C - an amulet of regeneration (around mantle)
 D - a +4 ring of slaying (on tentacle)
Talismans
 b - a beast talisman (active)
 c - a flux talisman
 s - a maw talisman
 E - a blade talisman
Wands
 x - a wand of flame (30)
Scrolls
 a - 2 scrolls of fog {unknown}
 d - 2 scrolls of revelation
 j - a scroll of amnesia {unknown}
 o - a scroll of fear {unknown}
 q - a scroll of blinking {unknown}
 r - a scroll of noise {unknown}
 u - a scroll of enchant weapon {unknown}
 y - 2 scrolls of immolation {unknown}
 z - 5 scrolls of teleportation
 A - a scroll of brand weapon {unknown}
 B - a scroll of enchant armour
Potions
 f - 3 potions of cancellation
 g - a potion of attraction {unknown}
 h - a potion of might {unknown}
 i - a potion of heal wounds {unknown}
 l - a potion of ambrosia {unknown}
 n - a potion of haste {unknown}
 p - a potion of curing
 w - a potion of enlightenment {unknown}


   Skills:
 + Level 3.3 Fighting
 + Level 3.7 Dodging
 - Level 3.5 Stealth
 * Level 5.5 Unarmed Combat
 + Level 10.0 Shapeshifting


You had 8 spell levels left.
You didn't know any spells.
Your spell library contained the following spells:

 Spells                   Type           Power      Damage    Failure   Level
 Magic Dart               Conj           0%         1d3       30%         1
 Blink                    Tloc           0%         N/A       43%         2
 Call Imp                 Summ           0%         N/A       43%         2


Dungeon Overview and Level Annotations

Branches:
Dungeon (9/15)             Temple (1/1) D:4            Lair (0/5) D:8
    Orc: D:9-12

Altars:
Ashenzari
Fedhas
Gozag
Hepliaklqana
Nemelex Xobeh
Okawaru
Qazlal
Ru
Sif Muna
Trog
Uskayaw
Vehumet
Wu Jian
Xom
Yredelemnul
Zin
The Shining One

Shops:
D:3 :   D:8 [

Annotations:
D:7 Duvessa
D:9 3 runed translucent doors, Joseph


Innate Abilities, Weirdness & Mutations

You are a hulking beast.
Your limbs bulge with bestial killing power. (Slay +4)
You cannot wear most types of armour.
You are amphibious.
You can wear up to eight rings at the same time.
Your skin changes colour to match your surroundings (Stealth+).
Your rubbery body absorbs attacks. (AC +1, EV +1)
((You are camouflaged when in or above water. (Stealth+)))
You have tentacles for arms and can constrict up to eight enemies at once.


Message History

Your squeeze misses the human. The human hits you with a +0 club!
* * * LOW HITPOINT WARNING * * *
The human unwields a +0 sling.
The human hits you.
* * * LOW HITPOINT WARNING * * *
The human hits you.
* * * LOW HITPOINT WARNING * * *
Okay, then.
Okay, then.
Okay, then.
It was a potion of curing.
You feel better. The human hits you with a +0 club!
* * * LOW HITPOINT WARNING * * *
The human closely misses you. The human barely misses you.
You tentacle-slap the human. You grab the human. You tentacle-slap the human.
The human is lightly wounded.
You constrict the human. The human misses you.
The human unwields a +0 sling.
The human completely misses you. x2; The human hits you but does no damage.
You closely miss the human. You grab the human.
Your tentacle-slap misses the human.
The human is severely wounded.
You constrict the human. x2; The human completely misses you.
The human closely misses you. The human misses you.
You closely miss the human. Your grab misses the human. You squeeze the human!
The human is moderately wounded.
You constrict the human. x2; The human misses you.
The human barely misses you.
You tentacle-slap the human. You grab the human. You squeeze the human!
The human is heavily wounded.
You constrict the human!
You constrict the human, but do no damage.
You constrict the human. The human barely misses you. The human hits you.
* * * LOW HITPOINT WARNING * * *
The human barely misses you. The human closely misses you.
You tentacle-slap the human. You grab the human.
The human is moderately wounded.
You constrict the human. x2
You kill the human!
Trog accepts your kill.
You constrict the human. x2; The human hits you!
* * * LOW HITPOINT WARNING * * *
The human hits you.
You die...

##########
#........#
#........#
##........#
##......)..#
#####..........#
#.......>......#
#....ph........#
#.$..p)p........?
#.###......)....#
#(..........#
#...........#
+............
#....∩......
...........


You could see 3 humans.

Vanquished Creatures
  Pikel (D:5)
  A cyclops (D:7)
  A human (D:8)
  Edmund (D:5)
  2 steam dragons
  A lemure (D:5)
  A phantom (D:4)
  A kobold brigand (D:6)
  A gnoll sergeant (D:6)
  A bullfrog (D:6)
  3 scorpions
  A howler monkey (D:5)
  2 orc priests
  2 bombardier beetles
  A gnoll bouda (D:6)
  4 hounds
  4 iguanas
  3 orc wizards
  13 gnolls
  9 adders
  A shadow imp (D:6)
  2 white imps
  2 ufetubi (D:5)
  2 ribbon worms (D:3)
  3 dart slugs
  20 orcs
  5 endoplasms
  3 giant cockroaches
  7 goblins
  7 hobgoblins
  3 jackals (D:4)
  5 quokkas
  6 ball pythons
  8 bats
  4 frilled lizards
  8 kobolds
  6 rats
145 creatures vanquished.

Notes
Turn   | Place    | Note
-------+----------+-------------------------------------------
     0 | D:1      | GiantSquids the Octopode Shapeshifter began the quest for
                  | the Orb.
     0 | D:1      | Reached XP level 1. HP: 13/13 MP: 1/1
   108 | D:1      | Reached skill level 1 in Stealth
   110 | D:1      | Reached XP level 2. HP: 18/18 MP: 2/2
   294 | D:1      | Noticed an eye of devastation
   296 | D:1      | Noticed a golden eye
   303 | D:1      | Found a faded altar of an unknown god.
   306 | D:1      | Noticed a glass eye
   306 | D:1      | Noticed a glass eye
   462 | D:2      | Reached XP level 3. HP: 23/23 MP: 3/3
   523 | D:2      | Found a shimmering altar of Xom.
   566 | D:2      | Reached skill level 4 in Shapeshifting
   603 | D:2      | Reached XP level 4. HP: 23/28 MP: 4/4
   957 | D:3      | Identified the +2 spear "Xaacal" {drain, Int+5}
   979 | D:3      | Reached XP level 5. HP: 26/33 MP: 5/5
  1085 | D:3      | Found Olijoe Zedi's Book Shop.
  1092 | D:3      | Reached skill level 5 in Shapeshifting
  1673 | D:4      | Reached XP level 6. HP: 33/38 MP: 6/6
  1729 | D:4      | Found a staircase to the Ecumenical Temple.
  1741 | Temple   | Entered the Ecumenical Temple
  1756 | Temple   | Became a worshipper of Trog the Wrathful
  1846 | D:4      | Reached skill level 6 in Shapeshifting
  2066 | D:4      | Noticed a steam dragon
  2072 | D:4      | Killed a steam dragon
  2073 | D:4      | Reached XP level 7. HP: 20/43 MP: 7/7
  2426 | D:4      | Reached skill level 7 in Shapeshifting
  2593 | D:5      | Entered Level 5 of the Dungeon
  2621 | D:5      | Noticed Edmund
  2629 | D:5      | Killed Edmund
  2818 | D:5      | Reached skill level 8 in Shapeshifting
  2869 | D:5      | Reached XP level 8. HP: 48/48 MP: 8/8
  3034 | D:5      | Found a shimmering blue altar of Sif Muna.
  3120 | D:5      | Noticed Pikel
  3131 | D:5      | Killed Pikel
  3132 | D:5      | Reached skill level 9 in Shapeshifting
  3241 | D:5      | Found an opulent altar of Gozag.
  3739 | D:6      | Reached * piety under Trog
  3839 | D:6      | Reached XP level 9. HP: 6/54 MP: 9/9
  4041 | D:6      | Identified the +1 hand axe "Ruatiow" {holy, rF+ rN++ rCorr
                  | Dex-5}
  4463 | D:7      | Noticed a cyclops
  4465 | D:7      | Killed a cyclops
  4466 | D:7      | Reached skill level 5 in Unarmed Combat
  4481 | D:7      | Noticed Duvessa
  4500 | D:7      | Found an ornate altar of the Wu Jian Council.
  4680 | D:7      | Reached ** piety under Trog
  4699 | D:7      | Reached skill level 10 in Shapeshifting
  4764 | D:7      | You fall into a shaft and drop 2 floors!
  4779 | D:9      | Found a runed translucent gate.
  4779 | D:9      | Found a runed translucent gate.
  4779 | D:9      | Found a runed translucent gate.
  4794 | D:9      | Noticed Joseph
  4813 | D:8      | Found a staircase to the Lair.
  4824 | D:8      | Found Ilaixt's Antique Armour Shop.
  4837 | D:8      | Slain by a human

Illustrated notes

Levels and vault maps discovered:
D:1:      scummos_arrival_simple_fountains, layout_rooms,
          hellmonk_ecumenical_altar_watching_god
D:2:      layout_rooms, basic_altar
D:3:      layout_rooms, serial_shops, shop_fountains
D:4:      layout_loops_corners, minmay_temple_entry_statues_fountains
D:5:      layout_loops_ring, general_overflow_altar, lemuel_tele_altar,
          dreamdust_wishing_well, uniq_pikel, uniq_edmund
D:6:      layout_rooms
D:7:      layout_basic, nicolae_wu_jian_wuxing_cycle, uniq_duvessa
D:8:      layout_rooms, chequers_temple_overflow_minitemple, lair_entry_dummy,
          serial_shops, kennysheep_mini, shop, shop,
          serial_library_hellmonk_room_b, minmay_ruffians, uniq_maurice
D:9:      layout_roguey, nicolae_dithmenos_shadow_blocks, gammafunk_ghost_icy,
          minmay_the_grid_2x2 [minmay_the_grid_pillar_ring,
          minmay_the_grid_armoury, minmay_the_grid_outer_circle,
          minmay_the_grid_prize_four_corners_diamond_a], uniq_joseph,
          uniq_psyche
Temple:   zaba_magenta_temple

Skill      XL: |  1  2  3  4  5  6  7  8  9 |
---------------+----------------------------+-----
Stealth        | 1 2 3 |  3.5
Shapeshifting  | 4 5 6 8 9 10 | 10.0
Fighting       | 2 3 |  3.3
Unarmed Combat | 4 5 |  5.5
Dodging        | 3 |  3.7

Action                     |  1- 3 |  4- 6 |  7- 9 || total
---------------------------+-------+-------+-------++-------
  Melee: Unarmed           |    46 |    85 |   124 ||   255
         Constrict         |     9 |    17 |    46 ||    72
         Tentacles         |     7 |     9 |    32 ||    48
         Punch             |     1 |     2 |     7 ||    10
  Throw: Javelin           |       |       |     2 ||     2
 Invoke: Berserk           |       |       |     2 ||     2
    Use: Potion            |       |     1 |     2 ||     3
         Scroll            |       |       |     4 ||     4
   Stab: Sleeping          |    10 |    14 |     8 ||    32
 Armour: Skin              |    19 |    41 |    52 ||   112
  Dodge: Dodged            |    19 |    34 |    95 ||   148

Table legend: (Time is in decaauts)
 A = Elapsed time spent in this place.
 B = Non-inter-level travel time spent in this place.
 C = Inter-level travel time spent in this place.
 D = Time resting spent in this place.
 E = Time spent auto-exploring this place.
 F = Levels seen in this place.
 G = Mean time per level.
                   A        B        C        D        E       F      G
               +--------+--------+--------+--------+--------+-----+--------+
         Total |   4836 |   4672 |    164 |    421 |   3084 |  10 |  483.6 |
       Dungeon |   4805 |   4641 |    164 |    421 |   3084 |   9 |  533.9 |
        Temple |     30 |     30 |      0 |      0 |      0 |   1 |   30.0 |
               +--------+--------+--------+--------+--------+-----+--------+

Top non-repeatable levels by time:
     D:4: 1054 daAuts
     D:5: 993 daAuts
     D:6: 898 daAuts
     D:3: 567 daAuts
     D:2: 512 daAuts
     D:1: 418 daAuts
     D:7: 289 daAuts
     D:9: 49 daAuts
  Temple: 30 daAuts
     D:8: 22 daAuts
